 Dungeon Crawl Stone Soup version 0.28.0-43-g3370ac3207 (webtiles) character file.

Game seed: 9065416485180962483

246 ChuckTheHack the Skirmisher (level 5, -3/26 HPs)
             Began as a Felid Monk on Mar 6, 2022.
             Slain by a wyvern (18 damage)
             ... on level 4 of the Dungeon.
             The game lasted 00:28:50 (8907 turns).

ChuckTheHack the Skirmisher (Felid Monk)            Turns: 8907, Time: 00:28:51

Health: -3/26      AC:  2    Str:  7    XL:     5   Next: 84%
Magic:  8/10       EV: 20    Int: 13    God:
Gold:   203        SH:  0    Dex: 25    Spells: 5/9 levels left
                                        Lives:  0   Deaths: 1

rFire   . . .      SeeInvis +     - Unarmed
rCold   . . .      Faith    .   (shield unavailable)
rNeg    . . .      Spirit   .   (armour unavailable)
rPois   .          Reflect  .   (helmet unavailable)
rElec   .          Harm     .   (cloak unavailable)
rCorr   .          Rampage  .   (gloves unavailable)
Will    .....                   (boots unavailable)
Stlth   ++++......              c - amulet of magic regeneration
HPRegen 0.08/turn               b - +6 ring of dexterity
MPRegen 0.52/turn               e - ring of wizardry

@: confusing by touch, quick
A: very small, claws 1, fangs 3, see invisible, speed 1, shaggy fur 2, stealthy
paws, no weapons or thrown items, no armour, multi-lived
a: no special abilities


You were on level 4 of the Dungeon.
You visited 1 branch of the dungeon, and saw 4 of its levels.

You collected 203 gold pieces.

Inventory:

Jewellery
 b - a +6 ring of dexterity (left paw)
 c - an amulet of magic regeneration (around neck)
 e - a ring of wizardry (right paw)
 i - an amulet of faith
 o - a +4 ring of evasion
Wands
 f - a wand of polymorph (12)
Scrolls
 a - 3 scrolls of identify
 j - a scroll of fog {unknown}
 k - a scroll of enchant weapon {unknown}
 l - a scroll of magic mapping {unknown}
 n - a scroll of blinking {unknown}
Potions
 d - a potion of attraction {unknown}
 g - 2 potions of haste
 h - a potion of curing {unknown}
 m - a potion of might {unknown}


   Skills:
 * Level 5.2 Fighting
 - Level 4.0 Dodging
 + Level 5.2 Stealth
 - Level 3.0 Unarmed Combat
 + Level 2.8 Spellcasting
 + Level 4.0 Hexes


You had 5 spell levels left.
You knew the following spells:

 Your Spells              Type           Power      Damage    Failure   Level
a - Slow                  Hex            48%        N/A       1%          1
b - Confusing Touch       Hex            12%        N/A       6%          3

Your spell library contained the following spells:

 Spells                   Type           Power      Damage    Failure   Level
 Magic Dart               Conj           4%         1d3       10%         1
 Call Imp                 Summ           1%         N/A       14%         2
 Mephitic Cloud           Conj/Pois/Air  1%         N/A       26%         3
 Vampiric Draining        Necr           1%         2d6       26%         3


Dungeon Overview and Level Annotations

Branches:
Dungeon (4/15)
 Temple: D:4-7

Altars:
Trog

Annotations:
D:4 2 runed translucent doors


Innate Abilities, Weirdness & Mutations

You have sharp claws.
You have razor-sharp teeth.
You have supernaturally acute eyesight. (SInv)
You cover ground quickly. (Speed+)
You are covered in thick fur. (AC +2)
Your paws help you pounce on unaware monsters.
You are incapable of wielding weapons or throwing items.
You cannot wear armour.
You gain extra lives every three experience levels.


Message History

Things that are here:
a +0 short sword; 4 stones The sky beast flickers out of sight for a moment.
You see here a +0 short sword.
Casting: Slow (safe; 1% risk of failure)
Confirm with . or Enter, or press ? or * to list all spells.
Aiming: Slow (safe; 1% risk of failure)
Press: ? - help, Shift-Dir - straight line, f - sky beast
Aim: a sky beast (slightly transparent, chance to affect: 50%)
The sky beast seems to slow down.
There is a stone staircase leading up here.
You climb upwards.
There is a stone staircase leading down here.
You start resting.
HP restored.
You climb downwards.
Level annotation: 2 runed translucent doors
There is a stone staircase leading up here.
Casting: Slow (safe; 1% risk of failure)
Confirm with . or Enter, or press ? or * to list all spells.
Okay, then.
Casting: Slow (safe; 1% risk of failure)
Confirm with . or Enter, or press ? or * to list all spells.
Okay, then.
The wyvern hisses angrily.
The wyvern barely misses you. The wyvern completely misses you.
Casting: Slow (safe; 1% risk of failure)
Confirm with . or Enter, or press ? or * to list all spells.
The spell is quite dangerous to miscast (6% risk of failure)!
Continue anyway?
Okay, then.
Casting: Confusing Touch (quite dangerous; 6% risk of failure)
Confirm with . or Enter, or press ? or * to list all spells.
The spell is quite dangerous to miscast (6% risk of failure)!
Continue anyway?
Your paws begin to glow red.
The wyvern bites you!
You closely miss the wyvern. You claw the wyvern.
The wyvern is lightly wounded.
The wyvern bites you!!
Ouch! That really hurt!
You die...

......#.# #.........# ##>..#
.#....#.##########.#### #.###
...#..#....# ####.# #...####
...#..#.##.# #..#.# ######.#..#
####..#.)..####..#.# ##.........#
#..#.#.....#..#.###.......#..#
####..#.#.###.#.<#...#...........
.<......#...#.#.###.##..###.#####
##.#######....#.@l......# #.....#
...# ###########....# #..####
.#.# ###### #...... .### ##.####
.# #.# ## #(#### #..... ######


You could see a wyvern.

Vanquished Creatures
  A phantom (D:4)
  A water moccasin skeleton (D:4)
  A howler monkey (D:4)
  An orc priest (D:4)
  A bullfrog skeleton (D:4)
  Jessica (D:3)
  An iguana (D:4)
  An orc wizard (D:3)
  4 adders
  A shadow imp (D:3)
  2 worms
  4 dart slugs
  3 orcs
  6 ball pythons
  7 bats
  7 endoplasms
  4 giant cockroaches
  10 goblins
  6 hobgoblins
  4 quokkas
  2 frilled lizards
  13 kobolds
  9 rats
90 creatures vanquished.

Vanquished Creatures (others)
  A fungus (D:1)
1 creature vanquished.

Grand Total: 91 creatures vanquished

Notes
Turn   | Place    | Note
-------+----------+-------------------------------------------
     0 | D:1      | ChuckTheHack the Felid Monk began the quest for the Orb.
     0 | D:1      | Reached XP level 1. HP: 10/10 MP: 2/2
  1059 | D:1      | Reached skill level 1 in Spellcasting
  1061 | D:1      | Reached XP level 2. HP: 3/14 MP: 4/4
  1335 | D:1      | Learned a level 1 spell: Slow
  2287 | D:1      | Found a faded altar of an unknown god.
  2783 | D:1      | Reached skill level 1 in Hexes
  2799 | D:1      | Reached XP level 3. HP: 17/17 MP: 6/6
  3053 | D:2      | Found a bloodstained altar of Trog.
  3066 | D:2      | Learned a level 3 spell: Confusing Touch
  3613 | D:2      | Reached XP level 4. HP: 21/22 MP: 7/7
  5095 | D:3      | Noticed Jessica
  5102 | D:3      | Killed Jessica
  5103 | D:3      | Reached XP level 5. HP: 25/25 MP: 9/9
  6352 | D:4      | Noticed a phantom
  6370 | D:4      | Killed a phantom
  6636 | D:4      | Gained mutation: You are covered in thick fur. (AC +2)
                  | [Felid growth]
  6636 | D:4      | Reached XP level 6. HP: 17/29 MP: 10/10
  6949 | D:4      | Found a large runed translucent door.
  6949 | D:4      | Found a large runed translucent door.
  6954 | D:4      | Noticed an orc warrior
  7257 | D:4      | Found a large runed translucent door.
  7257 | D:4      | Found a large runed translucent door.
  7369 | D:4      | Noticed a sky beast
  8279 | D:4      | Reached skill level 5 in Stealth
  8306 | D:4      | Reached skill level 5 in Fighting
  8306 | D:4      | Noticed a wyvern
  8371 | D:4      | Mangled by a wyvern
  8372 | D:4      | Reached XP level 5. HP: -9/26 MP: 10/10
  8907 | D:4      | Slain by a wyvern

Illustrated notes

Levels and vault maps discovered:
D:1:      psy_arrival_radial01, layout_basic, dreamdust_ecumenical_altar_grove
D:2:      layout_rooms, basic_altar, minmay_circle_x
D:3:      layout_basic, uniq_jessica
D:4:      kennysheep_big_flooded_room, layout_basic,
          hangedman_abyss_or_decor_stagger, minmay_hollow_rounded_squares

Skill      XL: |  1  2  3  4  5  6 |
---------------+-------------------+-----
Stealth        | 3 4 5 |  5.2
Spellcasting   | 1 2 |  2.8
Hexes          | 1 2 4 |  4.0
Fighting       | 4 5 |  5.2
Dodging        | |  4.0
Unarmed Combat | |  3.0

Action                   |  1- 3 |  4- 6 || total
-------------------------+-------+-------++-------
Melee: Unarmed           |   121 |   184 ||   305
       Bite              |    15 |    22 ||    37
       Punch             |     2 |     5 ||     7
 Cast: Slow              |     6 |    16 ||    22
       Confusing Touch   |       |     1 ||     1
  Use: Scroll            |       |     1 ||     1
 Stab: Sleeping          |     8 |     9 ||    17
       Distracted        |       |     2 ||     2
Armor: Skin              |     8 |    10 ||    18
Dodge: Dodged            |   103 |   147 ||   250
